 Dungeon Crawl Stone Soup version 0.21.1-1-g345015fe64 (webtiles) character file.

0 Gargoyl the Skirmisher (level 1, -18/19 HPs)
             Began as a Centaur Abyssal Knight on June 10, 2018.
             Was a Follower of Lugonu.
             Killed from afar by a wretched star (33 damage)
             ... with an orb of energy
             ... on level 2 of the Abyss.
             The game lasted 00:02:24 (392 turns).

Gargoyl the Skirmisher (Centaur Abyssal Knight)      Turns: 392, Time: 00:02:25

Health: -18/19     AC:  4    Str: 14    XL:     1   Next: 0%
Magic:  2/2        EV:  9    Int: 11    God:    Lugonu [*.....]
Gold:   52         SH:  0    Dex:  8    Spells: 0/0 levels left

rFire    . . .     SeeInvis .   a - +1 hand axe
rCold    . . .     Gourm    .   (no shield)
rNeg     . . .     Faith    .   b - +0 leather armour
rPois    .         Spirit   .   (no helmet)
rElec    .         Reflect  .   (no cloak)
rCorr    .         Harm     .   (no gloves)
MR       .....                  (no barding)
Stlth    ..........             (no amulet)
HPRegen  0.06/turn              (no ring)
MPRegen  0.08/turn              (no ring)

@: very quick
A: large, hooves 3, deformed body, speed 2, tough skin 3
a: Depart the Abyss, Renounce Religion


You were on level 2 of the Abyss.
You worshipped Lugonu.
Lugonu was aware of your devotion.
You were not hungry.

You visited 0 branches of the dungeon, and saw 0 of its levels.
You visited the Abyss 1 time.

You collected 52 gold pieces.

Inventory:

Hand Weapons
 a - a +1 hand axe (weapon)
Armour
 b - a +0 leather armour (worn)
 d - a +0 scale mail
Comestibles
 c - a ration


   Skills:
 + Level 3.0 Fighting
 + Level 1.7 Axes
 + Level 1.3 Armour
 + Level 0.6 Dodging
 + Level 2.0 Invocations


You couldn't memorise any spells.
You didn't know any spells.

Dungeon Overview and Level Annotations

Branches:
Dungeon (0/15)

Altars:


Innate Abilities, Weirdness & Mutations

You have hooves in place of feet.
Armour fits poorly on your strangely shaped body.
You cover ground very quickly.
You have extremely tough skin. (AC +3)


Message History

You feel yourself slow down.
A tentacled starspawn comes into view.
Tentacles burst from the starspawn's body! 2 starspawn tentacles come into view.
The starspawn tentacle grabs you. The starspawn tentacle constricts you.
You escape the starspawn tentacle's grasp.
A large abomination comes into view.
Found 61 gold pieces.
A blink frog comes into view.
The blink frog gives a loud, deep croak!
Found a crystal ball of energy.
The blink frog blinks!
Found 22 bolts.
A wretched star comes into view.
The wretched star glows turbulently.
The orb of energy misses you.
The wretched star glows turbulently.
The orb of energy hits you!
Ouch! That really hurt!
You die...

≈≈≈
≈...###.#.##
≈≈≈≈
≈...#.#.# ..
≈≈ ≈≈≈≈###
#.##... ≈≈≈
♣. #.F.....#
≈≈≈≈♣≈
##.#.#.# #
≈≈≈≈≈≈
#.##.# ≈≈≈
≈≈ ##*### ≈
≈♣# #.#.#
#@### ##.#
###


You could see a wretched star.

Vanquished Creatures (others)
  4 starspawn tentacles (Abyss:2)
4 creatures vanquished.

Notes
Turn   | Place    | Note
-------+----------+-------------------------------------------
     0 | Abyss:1  | Gargoyl the Centaur Abyssal Knight began the quest for the Orb.
     0 | Abyss:1  | Reached XP level 1. HP: 19/19 MP: 2/2
    92 | Abyss:1  | Noticed a worldbinder
    92 | Abyss:1  | Noticed a large abomination
   106 | Abyss:1  | Noticed an insubstantial wisp
   107 | Abyss:1  | Noticed a vampire mosquito
   107 | Abyss:1  | Noticed a vampire mosquito
   107 | Abyss:1  | Noticed a vampire mosquito
   129 | Abyss:1  | Noticed a vampire mosquito
   129 | Abyss:1  | Noticed a vampire mosquito
   142 | Abyss:1  | Noticed a small abomination
   143 | Abyss:1  | Noticed a starcursed mass
   151 | Abyss:1  | Noticed a vampire mosquito
   151 | Abyss:2  | Noticed an ettin skeleton
   151 | Abyss:2  | Noticed a neqoxec
   192 | Abyss:2  | Noticed a ynoxinul
   212 | Abyss:2  | Noticed a chaos spawn
   227 | Abyss:2  | Noticed a small abomination
   227 | Abyss:2  | Noticed a small abomination
   242 | Abyss:2  | Noticed a large abomination
   252 | Abyss:2  | Noticed a large abomination
   266 | Abyss:2  | Noticed a ynoxinul
   268 | Abyss:2  | Noticed a water elemental
   277 | Abyss:2  | Noticed a hellwing
   278 | Abyss:2  | Noticed an orange demon
   298 | Abyss:2  | Noticed a red very ugly thing
   306 | Abyss:2  | Noticed a spatial maelstrom
   307 | Abyss:2  | Noticed a rakshasa
   308 | Abyss:2  | Noticed a worldbinder
   309 | Abyss:2  | Noticed a flying skull
   310 | Abyss:2  | Noticed a flying skull
   310 | Abyss:2  | Noticed a flying skull
   310 | Abyss:2  | Noticed a flying skull
   311 | Abyss:2  | Noticed a flying skull
   311 | Abyss:2  | Noticed a spatial vortex
   312 | Abyss:2  | Noticed a wretched star
   317 | Abyss:2  | Noticed a tentacled starspawn
   323 | Abyss:2  | Noticed a spatial vortex
   334 | Abyss:2  | Noticed a tentacled starspawn
   345 | Abyss:2  | Noticed a large abomination
   365 | Abyss:2  | Noticed a blink frog
   378 | Abyss:2  | Noticed a wretched star
   392 | Abyss:2  | Killed from afar by a wretched star

Action                   || total
-------------------------++-------
  Use: Potion            ||     2
Armor: Leather armour    ||     2
Dodge: Dodged            ||     2
